 Dungeon Crawl Stone Soup version 0.30-a0-620-g0e44632947 (console) character file.

Game seed: 120132262783384867

2724 Ignak the Covert (level 9, -4/58 HPs)
             Began as an Octopode Enchanter on Jan 10, 2023.
             Was a Follower of Dithmenos.
             Shot with an arrow by a centaur (6 damage)
             ... on level 7 of the Dungeon.
             The game lasted 00:20:21 (8269 turns).

Ignak the Covert (Octopode Enchanter)               Turns: 8269, Time: 00:20:21

Health: -4/58      AC:  1    Str: 14    XL:     9   Next: 67%
Magic:  15/15      EV: 15    Int: 17    God:    Dithmenos [*.....]
Gold:   420        SH:  0    Dex: 16    Spells: 4/16 levels left

rFire   . . .      SeeInvis .    s - +2 rapier (freeze)
rCold   . . .      Faith    .    (no shield)
rNeg    + . .      Spirit   .    (helmet restricted)
rPois   .          Reflect  .    (no amulet)
rElec   .          Harm     .    f - ring of positive energy
rCorr   .          Rampage  .    q - ring of willpower
Will    +....                    g - +6 ring of strength
Stlth   ++++++                   (no ring)
HPRegen 0.29/turn                (no ring)
MPRegen 0.14/turn                (no ring)
                                 (no ring)
                                 (no ring)

@: lethally poisoned (-4 -> -12), wreathed by umbra
A: almost no armour, amphibious, 8 rings, camouflage 1, gelatinous body 1,
(nimble swimmer 1), tentacles
a: Renounce Religion


You were on level 7 of the Dungeon.
You worshipped Dithmenos.
Dithmenos was aware of your devotion.
You visited 2 branches of the dungeon, and saw 8 of its levels.

You collected 420 gold pieces.

Inventory:

Hand Weapons
 s - a +2 rapier of freezing (weapon)
Missiles
 c - 10 poisoned darts (quivered)
Jewellery
 f - a ring of positive energy (left tentacle)
 g - a +6 ring of strength (on tentacle)
 q - a ring of willpower (right tentacle)
Wands
 b - a wand of roots (24)
 u - a wand of charming (1)
Scrolls
 d - 2 scrolls of enchant armour
 h - a scroll of fear
 i - a scroll of silence
 j - 2 scrolls of blinking
 m - 5 scrolls of poison
 t - 3 scrolls of teleportation
Potions
 a - a potion of curing
 k - a potion of flight {unknown}
 l - a potion of haste {unknown}
 n - 2 potions of magic {unknown}
 o - a potion of cancellation
 p - a potion of resistance
 r - a potion of brilliance
 w - a potion of lignification
 x - a potion of ambrosia {unknown}
 z - a potion of might {unknown}


   Skills:
 + Level 3.7 Fighting
 + Level 4.1 Short Blades
 * Level 5.4 Dodging
 * Level 9.2 Stealth
 - Level 1.0 Unarmed Combat
 + Level 4.1 Spellcasting
 - Level 2.0 Conjurations
 + Level 5.0 Hexes
 + Level 3.6 Ice Magic
 - Level 2.0 Air Magic
 - Level 4.0 Poison Magic


You had 4 spell levels left.
You knew the following spells:

 Your Spells              Type           Power      Damage    Failure   Level
a - Confusing Touch       Hex            20%        N/A       6%          3
c - Ensorcelled Hibernat  Hex/Ice        36%        N/A       4%          2
d - Mephitic Cloud        Conj/Pois/Air  12%        N/A       16%         3
e - Call Imp              Summ           3%         N/A       24%         2
t - Passwall              Tmut/Erth      2%         N/A       24%         2

Your spell library contained the following spells:

 Spells                   Type           Power      Damage    Failure   Level
 Tukima's Dance           Hex            20%        N/A       6%          3
 Magic Dart               Conj           40%        1d5       7%          1
 Dazzling Flash           Conj/Hex       30%        N/A       11%         3
 Necrotise                Necr           12%        1d4       16%         1
 Swiftness                Air            10%        N/A       21%         3
 Gell's Gravitas          Tloc           3%         N/A       43%         3
 Teleport Other           Tloc           3%         N/A       43%         3
 Vampiric Draining        Necr           3%         2d6       43%         3
 Agony                    Necr           3%         N/A       99%         5
 Dispersal                Tloc           1%         N/A       100%        6


Dungeon Overview and Level Annotations

Branches:
Dungeon (7/15)             Temple (1/1) D:6

Altars:
Ashenzari
Cheibriados
Dithmenos
Elyvilon
Fedhas
Gozag
Hepliaklqana
Nemelex Xobeh
Okawaru
Qazlal
Ru
Sif Muna
Trog
Uskayaw
Vehumet
Wu Jian
Xom
Yredelemnul
Zin
The Shining One
Lugonu

Shops:
D:6 (

Portals:
Abyss: D:3

Annotations:
D:4 exclusion: oklob plant
D:5 Pikel


Innate Abilities, Weirdness & Mutations

You cannot wear most types of armour.
You are amphibious.
You can wear up to eight rings at the same time.
Your skin changes colour to match your surroundings (Stealth+).
Your rubbery body absorbs attacks. (AC +1, EV +1)
((You are camouflaged when in or above water. (Stealth+)))
You have tentacles for arms and can constrict up to eight enemies at once.


Message History

You release your grip on the water moccasin.
The water moccasin attacks as you move away!
The water moccasin bites you.
You are poisoned.
The water moccasin poisons you!
You feel very sick.
The centaur shoots an arrow.
The arrow completely misses you.
The centaur shoots an arrow.
The arrow closely misses you.
You feel very sick.
A centaur comes into view.
The water moccasin bites you but does no damage.
Press: ? - help, v - describe, . - travel
Here: a water moccasin (lightly wounded, umbra)
The floor.
You feel better.
The centaur shoots an arrow.
The arrow hits you!
* * * LOW HITPOINT WARNING * * *
The water moccasin bites you!
* * * LOW HITPOINT WARNING * * *
The centaur shoots an arrow.
The arrow misses you. The orc wizard misses you.
You feel much better. The water moccasin barely misses you.
The centaur shoots an arrow.
The arrow completely misses you. The water moccasin bites you.
You are poisoned.
The water moccasin poisons you!
The orc wizard hits you with a +0 dagger.
The centaur shouts!
You feel very sick.
The centaur shoots an arrow.
The arrow misses you.
You feel very sick.
The centaur shoots an arrow.
The arrow barely misses you.
The orc wizard gestures wildly while chanting.
The orc wizard flickers and vanishes!
Deactivating autopickup; reactivate with Ctrl-A.
There is a stone staircase leading down here.
You feel sick.
The centaur shoots an arrow.
The arrow hits you!
* * * LOW HITPOINT WARNING * * *
The water moccasin bites you.
* * * LOW HITPOINT WARNING * * *
The centaur shoots an arrow.
The arrow hits you.
You die...

#..#...##
#.....#....#####
#......#
......#.......#
........#
..............#
..#......
###...........#
.........
......##......#
..#.....
###...##......#
#.# ..
#...##......# ...
#...##......# ...
#@..##......# ...
#S...!......#
#####..##......#
##..o.oc#########
#....o{..#
............#
#...J.......#
........(...#
##.c..:......#


You could see a water moccasin, a centaur and an orc wizard.

Vanquished Creatures
  Grinder (D:3)
  Sigmund (D:6)
  A wraith (D:6)
  Menkaure (D:6)
  A water moccasin (D:5)
  2 black bears
  An orc warrior (D:7)
  2 ice beasts (D:6)
  2 centaurs
  2 ogres (D:6)
  4 lemures (D:5)
  A necrophage (D:5)
  A bullfrog (D:6)
  2 scorpions
  3 electric eels (D:6)
  4 hounds
  4 orc priests
  2 jellies
  Ijyb (D:5)
  Terence (D:2)
  2 iguanas (D:5)
  5 orc wizards
  A gnoll bouda (D:5)
  Natasha (D:1)
  8 gnolls
  9 adders
  A white imp (D:7)
  2 ufetubi (D:4)
  A worm (D:3)
  2 dart slugs
  14 orcs
  7 endoplasms
  4 giant cockroaches
  9 goblins
  5 hobgoblins
  2 jackals (D:3)
  5 kobolds
  4 quokkas
  8 ball pythons
  2 bats
  7 frilled lizards
  9 rats
145 creatures vanquished.

Vanquished Creatures (collateral kills)
  2 orcs (D:6)
2 creatures vanquished.

Vanquished Creatures (others)
  3 electric eels (D:6)
  2 lurking horrors (D:3)
  6 plants (D:6)
11 creatures vanquished.

Grand Total: 158 creatures vanquished

Notes
Turn   | Place    | Note
-------+----------+-------------------------------------------
     0 | D:1      | Ignak the Octopode Enchanter began the quest for the Orb.
     0 | D:1      | Reached XP level 1. HP: 11/11 MP: 3/3
    61 | D:1      | Reached XP level 2. HP: 17/17 MP: 5/5
    67 | D:1      | Learned a level 2 spell: Ensorcelled Hibernation
   434 | D:1      | Reached XP level 3. HP: 18/22 MP: 6/6
   514 | D:2      | Noticed Natasha
   514 | D:2      | Noticed Terence
   521 | D:1      | Killed Natasha
   602 | D:2      | Killed Terence
   603 | D:2      | Reached skill level 1 in Unarmed Combat
   603 | D:2      | Reached XP level 4. HP: 18/27 MP: 0/7
   908 | D:2      | Identified the +1 ring mail "Reguwal" {rPois Will- Regen+
                  | Str+2}
   916 | D:2      | Reached skill level 5 in Stealth
  1009 | D:2      | Learned a level 3 spell: Mephitic Cloud
  1074 | D:2      | Learned a level 2 spell: Call Imp
  1143 | D:2      | Found a faded altar of an unknown god.
  1498 | D:3      | Reached skill level 1 in Fighting
  1498 | D:3      | Reached skill level 1 in Ice Magic
  1626 | D:3      | Found a corrupted altar of Lugonu.
  1637 | D:3      | Found a one-way gate to the infinite horrors of the Abyss.
  1750 | D:3      | Noticed Grinder
  1774 | D:3      | Killed Grinder
  1775 | D:3      | Reached skill level 1 in Air Magic
  1775 | D:3      | Reached skill level 1 in Poison Magic
  1775 | D:3      | Reached XP level 5. HP: 17/33 MP: 5/9
  1775 | D:3      | Reached XP level 6. HP: 20/38 MP: 5/10
  1866 | D:3      | Found a sparkling altar of Nemelex Xobeh.
  2439 | D:4      | Found a snail-covered altar of Cheibriados.
  2601 | D:4      | Reached skill level 1 in Conjurations
  2662 | D:4      | Noticed a black bear
  2670 | D:4      | Killed a black bear
  2671 | D:4      | Reached skill level 6 in Stealth
  2766 | D:4      | Reached XP level 7. HP: 35/44 MP: 11/11
  3086 | D:4      | Found a blossoming altar of Fedhas.
  3105 | D:4      | Noticed an oklob plant
  3379 | D:5      | Entered Level 5 of the Dungeon
  3982 | D:5      | Noticed Pikel
  4116 | D:5      | Learned a level 3 spell: Confusing Touch
  4436 | D:5      | Reached XP level 8. HP: 27/50 MP: 7/12
  4627 | D:5      | Found an opulent altar of Gozag.
  4654 | D:5      | Noticed Ijyb
  4661 | D:5      | Killed Ijyb
  4939 | D:5      | Reached skill level 7 in Stealth
  5406 | D:5      | Found a sacrificial altar of Ru.
  5660 | D:6      | Found a staircase to the Ecumenical Temple.
  5670 | Temple   | Entered the Ecumenical Temple
  5722 | Temple   | Became a worshipper of Dithmenos the Shadowed
  5749 | D:6      | Noticed Menkaure
  6008 | D:6      | Killed Menkaure
  6178 | D:6      | Found Gorecaps's Antique Weapon Boutique.
  6323 | D:6      | Reached skill level 8 in Stealth
  6379 | D:6      | Reached XP level 9. HP: 30/56 MP: 14/14
  6641 | D:6      | Reached * piety under Dithmenos
  6837 | D:6      | Noticed Sigmund
  6844 | D:6      | Killed Sigmund
  6845 | D:6      | Reached skill level 5 in Dodging
  8055 | D:6      | Reached skill level 9 in Stealth
  8118 | D:7      | Reached skill level 5 in Hexes
  8128 | D:7      | Learned a level 2 spell: Passwall
  8269 | D:7      | HP: 2/58 [water moccasin (6)]
  8269 | D:7      | Shot with an arrow by a centaur

Illustrated notes

Levels and vault maps discovered:
D:1:      dpeg_arrival_ratfight, layout_rooms, palyth_stone_intersect
D:2:      layout_basic, shapermc_ecumenical_altar_pompeii, uniq_natasha,
          uniq_terence
D:3:      layout_basic, nemelex_xobeh_ov_fountains_minmay,
          amcnicky_altar_lugonu_corruption, uniq_grinder
D:4:      layout_gridville, tgw_fedhas, mainiacjoe_overflow_paths
D:5:      layout_basic, nicolae_overflow_hidden_temple, grunt_gozag_statues,
          serial_corexii_hall, chequers_hall_statues_corner_a,
          chequers_hall_statues_wall_a, small_statue_intersection,
          dk_noncrumbling_3, uniq_pikel, uniq_ijyb
D:6:      cheibrodos_two_vegetables, layout_basic,
          minmay_temple_entry_stoned_glass, serial_shops, shop, st_stairs_8,
          corexii_checkpoint_a, uniq_menkaure, uniq_sigmund
D:7:      layout_rooms
Temple:   nicolae_temple_no_exploring_needed

Skill      XL: |  1  2  3  4  5  6  7  8  9 |
---------------+----------------------------+-----
Unarmed Combat | 1 |  1.0
Stealth        | 5 6 8 9 |  9.2
Fighting       | 1 2 3 |  3.7
Ice Magic      | 1 2 3 |  3.6
Short Blades   | 2 3 4 |  4.1
Air Magic      | 1 2 |  2.0
Poison Magic   | 1 2 3 4 |  4.0
Conjurations   | 1 2 |  2.0
Dodging        | 3 4 5 |  5.4
Spellcasting   | 3 4 |  4.1
Hexes          | 4 5 |  5.0

Action                   |  1- 3 |  4- 6 |  7- 9 || total
-------------------------+-------+-------+-------++-------
Melee: Dagger            |    49 |    30 |       ||    79
       Tentacles         |     9 |    14 |    40 ||    63
       Constrict         |     8 |    15 |    47 ||    70
       Rapier            |       |    34 |   179 ||   213
       Punch             |       |       |     1 ||     1
Throw: Dart              |       |       |    13 ||    13
 Cast: Ensorcelled Hiber |     3 |     1 |    41 ||    45
       Call Imp          |       |     2 |     1 ||     3
       Mephitic Cloud    |       |       |     7 ||     7
       Confusing Touch   |       |       |     4 ||     4
Evoke: Wand              |       |       |     4 ||     4
  Use: Potion            |     1 |       |    11 ||    12
       Scroll            |       |     7 |     8 ||    15
 Stab: Sleeping          |     9 |    16 |    35 ||    60
       Invisible         |     1 |       |       ||     1
       Distracted        |       |     1 |     1 ||     2
       Confused          |       |       |     1 ||     1
Armor: Skin              |     5 |     3 |     3 ||    11
Dodge: Dodged            |    26 |    23 |   116 ||   165

Table legend: (Time is in decaauts)
 A = Elapsed time spent in this place.
 B = Non-inter-level travel time spent in this place.
 C = Inter-level travel time spent in this place.
 D = Time resting spent in this place.
 E = Time spent auto-exploring this place.
 F = Levels seen in this place.
 G = Mean time per level.
                   A        B        C        D        E       F      G
               +--------+--------+--------+--------+--------+-----+--------+
         Total |   8280 |   8070 |    210 |   2251 |   3668 |   8 | 1035.0 |
       Dungeon |   7986 |   7776 |    210 |   2021 |   3668 |   7 | 1140.9 |
        Temple |    293 |    293 |      0 |    230 |      0 |   1 |  293.0 |
               +--------+--------+--------+--------+--------+-----+--------+

Top non-repeatable levels by time:
     D:6: 2183 daAuts
     D:5: 2012 daAuts
     D:3: 1214 daAuts
     D:4: 1185 daAuts
     D:2: 635 daAuts
     D:1: 584 daAuts
  Temple: 293 daAuts
     D:7: 170 daAuts
